Map: Invader LE

Players

RotterdaM - Winner!

  • Race: Protoss Protoss
  • League: Grandmaster

Pokebunny

  • Race: Terran Terran
  • League: Grandmaster

VOD

Have the link to the VOD?

Description

Time

  • Played on: April 4, 2016, 3:57 p.m.
  • Length: 10:24
Show
View Real Time Build Order
Export as new Build Order

RotterdaM Protoss - Winner!

Build Orders: 1 Gate Expand, Phoenix Opening 

Get SALT Encoding   

  12  0:01  Probe (Chrono Boost)  
  13  0:11  Probe (Chrono Boost)  
  14  0:20  Pylon  
  14  0:22  Probe (Chrono Boost)  
  15  0:38  Probe (Chrono Boost)  
  15  0:39  Gateway  
  16  0:46  Assimilator  
  16  0:48  Probe (Chrono Boost)  
  17  0:59  Probe (Chrono Boost)  
  18  1:09  Probe (Chrono Boost)  
  19  1:20  Probe (Chrono Boost)  
  20  1:26  Cybernetics Core  
  20  1:30  Probe (Chrono Boost)  
  21  1:38  Nexus  
  21  1:41  Probe (Chrono Boost)  
  21  1:47  Pylon  
  22  1:52  Probe (Chrono Boost)  
  23  1:55  Assimilator  
  23  2:04  Stalker (Chrono Boost)  
  23  2:05  Probe (Chrono Boost)  
  26  2:08  Warp Gate  
  26  2:17  Probe (Chrono Boost)  
  27  2:23  Pylon  
  27  2:29  Mothership Core (Chrono Boost)  
  29  2:32  Adept  
  31  2:47  Probe (Chrono Boost)  
  32  2:55  Probe (Chrono Boost)  
  32  2:58  Probe (Chrono Boost)  
  34  3:02  Stargate  
  34  3:06  Probe (Chrono Boost)  
  34  3:08  Probe (Chrono Boost)  
  36  3:16  Probe (Chrono Boost)  
  36  3:19  Probe (Chrono Boost)  
  38  3:24  Assimilator  
  38  3:25  Forge  
  38  3:27  Probe (Chrono Boost)  
  38  3:28  Adept  
  38  3:30  Probe (Chrono Boost)  
  42  3:37  Probe (Chrono Boost)  
  42  3:40  Probe (Chrono Boost)  
  44  3:41  Pylon  
  44  3:46  Phoenix (Chrono Boost), Probe  
  47  3:51  Probe  
  47  3:55  Twilight Council  
  48  3:57  Probe  
  48  4:00  Photon Cannon  
  49  4:03  Probe  
  49  4:07  Probe  
  49  4:09  Phoenix (Chrono Boost)  
  53  4:10  Protoss Ground Weapons Level 1  
  53  4:15  Probe  
  54  4:18  Probe  
  54  4:22  Pylon, Resonating Glaives (Chrono Boost)  
  55  4:27  Probe  
  55  4:29  Probe  
  55  4:30  Phoenix (Chrono Boost)  
  59  4:39  Probe  
  60  4:47  Gateway  
  60  4:49  Gateway  
  60  4:54  Phoenix (Chrono Boost)  
  60  4:59  Nexus  
  62  5:11  Adept  
  64  5:16  Phoenix (Chrono Boost)  
  66  5:26  Robotics Facility  
  66  5:27  Pylon  
  66  5:29  Pylon  
  66  5:33  Adept  
  68  5:36  Probe x2  
  68  5:37  Assimilator  
  70  5:44  Robotics Facility  
  70  5:45  Phoenix (Chrono Boost)  
  70  5:46  Pylon  
  70  5:49  Adept x2  
  74  6:07  Phoenix (Chrono Boost)  
  68  6:13  Adept x3  
  68  6:14  Protoss Ground Weapons Level 2 (Chrono Boost)  
  68  6:16  Gateway  
  68  6:17  Gateway  
  74  6:19  Pylon  
  74  6:28  Probe  
  75  6:34  Pylon, Probe  
  75  6:35  Probe  
  75  6:36  Pylon  
  77  6:40  Assimilator, Probe  
  77  6:42  Assimilator  
  77  6:44  Adept x2  
  77  6:45  Adept  
  84  6:51  Observer (Chrono Boost)  
  85  6:58  Probe  
  85  7:00  Probe  
  87  7:04  Immortal (Chrono Boost)  
  87  7:06  Adept x2  
  87  7:07  Adept  
  97  7:24  Robotics Bay  
  97  7:25  Pylon  
  97  7:27  Pylon  
  97  7:29  Adept x3  
  101  7:34  Probe x2  
  101  7:35  Probe  
  104  7:40  Immortal (Chrono Boost)  
  108  7:46  Phoenix (Chrono Boost), Probe x2  
  108  7:47  Probe  
  113  7:52  Photon Cannon  
  113  7:57  Adept x2  
  117  7:58  Probe  
  117  7:59  Probe  
  117  8:01  Sentry  
  117  8:02  Adept  
  123  8:06  Adept  
  123  8:09  Colossus (Chrono Boost)  
  125  8:19  Protoss Ground Armor Level 1  
  131  8:20  Adept x2  
  135  8:28  Colossus (Chrono Boost)  
  135  8:34  Pylon  
  141  8:35  Pylon  
  141  8:39  Probe  
  141  8:40  Gateway  
  142  8:42  Pylon  
  142  8:47  Probe  
  143  8:57  Phoenix  
  143  8:59  Adept  
  143  9:00  Adept x2  
  151  9:12  Colossus (Chrono Boost)  
  157  9:18  Adept x2, Warp Prism (Chrono Boost)  
  163  9:24  Phoenix  
  165  9:40  Nexus  
  165  9:42  Pylon  
  165  9:47  Photon Cannon  
  165  9:49  Adept, Phoenix  
  165  9:51  Adept x2  
Show
View Real Time Build Order
Export as new Build Order

Pokebunny Terran 

Build Orders: Command Center First (CC), MMM Bio 

Get SALT Encoding   

  12  0:00  SCV  
  13  0:13  SCV  
  14  0:19  Supply Depot  
  14  0:25  SCV  
  15  0:41  SCV  
  16  0:53  SCV  
  17  1:00  Command Center  
  17  1:05  SCV  
  18  1:13  Barracks  
  18  1:17  SCV  
  19  1:26  Barracks  
  19  1:30  SCV  
  20  1:42  Barracks  
  20  1:44  SCV  
  21  2:00  Orbital Command, Marine  
  22  2:07  Refinery  
  22  2:09  Refinery  
  22  2:18  Orbital Command  
  22  2:22  Marine  
  23  2:25  Marine  
  24  2:32  SCV  
  24  2:36  Marine  
  26  2:40  Marine  
  26  2:43  Marine  
  28  2:44  SCV  
  28  2:46  SCV  
  30  2:55  Factory  
  29  2:59  Marine, Barracks Tech Lab  
  29  3:01  Marine  
  29  3:04  SCV  
  29  3:05  SCV  
  33  3:10  Supply Depot  
  33  3:16  SCV  
  33  3:17  Marine, SCV  
  36  3:22  Stimpack  
  36  3:32  Marine, SCV x2  
  36  3:33  Marine  
  40  3:35  Supply Depot  
  40  3:40  Starport  
  40  3:42  Factory Reactor  
  40  3:48  Engineering Bay  
  40  3:49  SCV  
  40  3:52  SCV  
  42  3:55  Marine  
  42  3:57  Marine  
  42  3:59  Marine  
  45  4:14  Marine  
  45  4:15  Marine  
  45  4:17  Marine  
  47  4:21  Supply Depot  
  47  4:22  Medivac  
  47  4:23  Supply Depot, Medivac  
  52  4:30  Missile Turret  
  52  4:32  SCV x2  
  54  4:40  Terran Infantry Weapons Level 1  
  54  4:42  Marine x3  
  57  5:01  Barracks Reactor, Barracks Tech Lab  
  57  5:02  Command Center  
  57  5:03  Refinery  
  55  5:14  SCV  
  55  5:15  SCV, Missile Turret  
  55  5:19  Medivac  
  55  5:20  Marauder  
  55  5:21  Marauder  
  63  5:26  SCV  
  63  5:27  SCV  
  65  5:34  Supply Depot  
  65  5:36  Combat Shields  
  65  5:39  SCV x2  
  67  5:51  SCV x2  
  69  6:00  Marine x2  
  69  6:01  Marauder x2  
  60  6:14  Orbital Command  
  56  6:18  Widow Mine  
  56  6:19  Marine x2  
  56  6:20  Barracks  
  56  6:21  Barracks x2  
  56  6:24  SCV x2  
  64  6:35  Marauder x2  
  64  6:36  SCV  
  64  6:37  SCV  
  64  6:38  Marine x2  
  70  6:46  Viking x2  
  73  6:52  Widow Mine  
  75  6:59  Supply Depot  
  75  7:00  Refinery, Supply Depot  
  75  7:03  SCV x2  
  77  7:09  Marine  
  77  7:10  Orbital Command, Marine, Marauder x2  
  77  7:12  Barracks Reactor x2, Barracks Tech Lab  
  77  7:13  Concussive Shells  
  81  7:21  Medivac x2  
  83  7:23  Missile Turret  
  83  7:26  SCV x2  
  85  7:31  Marine x2  
  85  7:32  Marauder x2  
  85  7:33  Marauder  
  85  7:35  Terran Infantry Armor Level 1  
  85  7:36  Supply Depot  
  93  7:37  SCV  
  93  7:38  Supply Depot, SCV x2  
  96  7:47  Ghost Academy  
  96  7:48  Marine x2  
  96  7:49  Marine x2  
  100  7:55  Medivac x2  
  104  7:58  Supply Depot  
  104  7:59  Supply Depot  
  104  8:01  SCV x2  
  104  8:02  SCV  
  107  8:09  Marine x2  
  107  8:10  Marine x3  
  107  8:11  Marauder  
  107  8:12  Marine  
  115  8:15  Marauder  
  115  8:17  Marauder  
  116  8:28  Marine x3  
  116  8:29  Marine x2  
  116  8:31  Ghost  
  116  8:34  Armory  
  123  8:38  Engineering Bay, SCV x2  
  123  8:39  SCV  
  126  8:44  Ghost  
  130  8:48  Marauder  
  130  8:51  Marine x4  
  130  8:52  Marine  
  130  8:53  Marine  
  136  8:57  SCV x2  
  136  8:58  SCV  
  140  9:03  Ghost  
  141  9:16  Refinery  
  141  9:17  Refinery, Supply Depot  
  141  9:22  Supply Depot  
  141  9:23  Marine  
  141  9:24  Marine  
  149  9:32  Marine x2  
  149  9:33  Marauder x2  
  149  9:35  Starport  
  149  9:38  Starport  
  149  9:39  Viking x2, Marine x2  
  149  9:42  SCV x2  
  149  9:44  SCV  
  158  9:55  Supply Depot  
  158  9:58  Supply Depot  
  158  10:00  SCV x3  
Tags
 
Add a new tag
Caveats
  • Supply blocks, unpowered buildings, or Contaminate may cause inaccurate times.
  • Supply counts are checked every 10 seconds.